 Dungeon Crawl Stone Soup version 0.29-a0-1008-g949cc1d0fb (webtiles) character file.

Game seed: 13953536245214469593

20256 lucasj the Cleaver (level 12, -3/113 HPs)
             Began as a Minotaur Berserker on Aug 7, 2022.
             Was a High Priest of Trog.
             Slain by a large abomination (11 damage)
             ... on level 3 of the Abyss.
             The game lasted 00:38:53 (12642 turns).

lucasj the Cleaver (Minotaur Berserker)            Turns: 12642, Time: 00:38:54

Health: -3/113     AC: 23    Str: 25    XL:     12   Next: 43%
Magic:  11/11      EV: 11    Int:  8    God:    Trog [*****.]
Gold:   685        SH:  0    Dex: 10    Spells: 11/11 levels left

rFire   . . .      SeeInvis .   R - +0 battleaxe
rCold   + . .      Faith    +   (shield currently unavailable)
rNeg    . . .      Spirit   .   p - +0 plate armour
rPois   .          Reflect  .   (helmet restricted)
rElec   .          Harm     .   (no cloak)
rCorr   .          Rampage  .   V - +0 pair of gloves
Will    ++...                   (no boots)
Stlth   ..........              w - amulet of faith
HPRegen 1.00/turn               c - +4 ring of protection
MPRegen 0.12/turn               f - ring of protection from cold

@: strong-willed, sick, regenerating
A: horns 2, retaliatory headbutt, iridescent scales 1, clever 1
a: Renounce Religion, Berserk, Trog's Hand, Brothers in Arms


You were on level 3 of the Abyss.
You worshipped Trog.
Trog was extremely pleased with you.
You visited 1 branch of the dungeon, and saw 12 of its levels.
You visited the Abyss 1 time.

You collected 685 gold pieces.

Inventory:

Hand Weapons
 a - a +0 hand axe
 q - a +0 war axe
 R - a +0 battleaxe (weapon)
Missiles
 v - 29 poisoned darts (quivered)
 Q - 2 throwing nets
Armour
 b - a +0 animal skin
 d - a +0 scale mail
 p - a +0 plate armour (worn)
 D - a +0 chain mail of positive energy
 M - a +0 troll leather armour
 V - a +0 pair of gloves (worn)
Jewellery
 c - a +4 ring of protection (left hand)
 f - a ring of protection from cold (right hand)
 w - an amulet of faith (around neck)
 G - a ring of resist corrosion
Wands
 z - a wand of acid (23)
 H - a wand of flame (18)
 K - a wand of mindburst (20)
 N - a wand of digging (16)
 P - a wand of paralysis (5)
Scrolls
 e - 2 scrolls of magic mapping {unknown}
 i - 3 scrolls of teleportation {unknown}
 k - 9 scrolls of identify {unknown}
 s - 2 scrolls of enchant armour {unknown}
 y - a scroll of enchant weapon {unknown}
 B - 3 scrolls of fear {unknown}
 F - a scroll of noise {unknown}
 I - a scroll of amnesia {unknown}
 J - a scroll of vulnerability {unknown}
 L - a scroll of poison {unknown}
 O - a scroll of silence {unknown}
 S - a scroll of blinking {unknown}
 T - a scroll of torment {unknown}
 W - 2 scrolls of brand weapon {unknown}
Potions
 g - a potion of might
 h - a potion of cancellation
 j - 3 potions of degeneration
 l - 3 potions of curing
 m - a potion of resistance {unknown}
 n - 2 potions of mutation
 o - a potion of attraction {unknown}
 r - a potion of heal wounds
 t - 3 potions of brilliance {unknown}
 u - 5 potions of lignification
 x - a potion of invisibility {unknown}
 A - 2 potions of magic
 C - 4 potions of berserk rage {unknown}
 E - a potion of haste {unknown}
Miscellaneous
 U - a piece from Xom's chessboard (15/15)


   Skills:
 + Level 12.9 Fighting
 + Level 13.0 Axes
 + Level 12.7 Armour
 + Level 11.7 Dodging


You had 11 spell levels left.
You didn't know any spells.
Your spell library was empty.

Dungeon Overview and Level Annotations

Branches:
Dungeon (12/15)            Temple (0/1) D:4            Lair (0/5) D:9
    Orc (0/2) D:9

Altars:
Elyvilon
Fedhas
Kikubaaqudgha
Nemelex Xobeh
Okawaru
Wu Jian
Xom

Shops:
D:3 *   D:9 :

Annotations:
D:6 2 transporters


Innate Abilities, Weirdness & Mutations

You have a pair of horns on your head.
You reflexively headbutt those who attack you in melee.
You are partially covered in iridescent scales. (AC +2)
Your mind is acute. (Int +4, Str/Dex -1)


Message History

The ancient zyme hits you but does no damage. x2
A purple draconian shifter comes into view.
It is wielding a +0 whip.
The purple draconian shifter roars!
The ancient zyme attacks as you move away!
The ancient zyme barely misses you. You furiously retaliate!
You headbutt the ancient zyme! The ancient zyme closely misses you.
The purple draconian shifter breathes dispelling energy at you.
The bolt of dispelling energy hits you!!!
Your magical effects are unravelling.
* * * LOW HITPOINT WARNING * * *
You hit the ancient zyme but do no damage.
Your headbutt misses the ancient zyme.
The ancient zyme is lightly damaged.
You feel your health improve.
A large abomination comes into view.
You feel yourself growing ill in the presence of the ancient zyme.
The ancient zyme closely misses you.
The ancient zyme hits you but does no damage.
You slash the ancient zyme! You headbutt the ancient zyme.
The ancient zyme is moderately damaged.
You feel ill. The ancient zyme barely misses you. You furiously retaliate!
You headbutt the ancient zyme. The ancient zyme barely misses you.
Your skin crawls.
You feel strong-willed.
You feel ill. The ancient zyme hits you.
* * * LOW HITPOINT WARNING * * *
The ancient zyme closely misses you.
You feel ill.
You slice the ancient zyme!! You headbutt the ancient zyme.
You destroy the ancient zyme!
Trog accepts your kill.
You feel ill.
The purple draconian shifter gestures at you while chanting.
The large abomination blinks!
Your Axes skill increases to level 13!
You hit the ancient zyme.
The ancient zyme is lightly damaged.
You hit the purple draconian shifter. You hit the large abomination.
You recover from your berserk rage.
The large abomination hits you!
You die...

.. #.. #. . ..
..# .##.. #..
. ##..###...#
.... ......#.#
# ......# .
#qX.# +@#
#+#+#x# . .
.'.'#.....# .#
#+#'#+#.....##
..# +.'.+
......# . #
#'#'# .#...#..
# . . .+.'.+
##...# # . #'
#§#'# #.## .
+.'.§x'.+ .#


You could see a purple draconian shifter, an ancient zyme and a large
abomination.

Vanquished Creatures
  Harold (D:10)
  2 two-headed ogres
  3 skeletal warriors (D:12)
  Pikel (D:6)
  2 ugly things
  A cyclops (D:12)
  A manticore (D:11)
  A smoke demon (Abyss:3)
  2 gargoyles
  Maurice (D:9)
  An unseen horror (D:11)
  Psyche (D:10)
  An ancient zyme (Abyss:3)
  7 trolls
  4 wyverns
  2 shadows
  4 wraiths
  A vampire (Abyss:3)
  25 yaks
  A steam dragon (D:8)
  3 vampire mosquitoes (D:10)
  A chaos spawn (Abyss:3)
  2 acid dragons
  5 water moccasins (D:9)
  8 orc warriors
  3 black bears
  3 centaurs
  An ogre (D:5)
  A phantom (D:6)
  A lemure (D:6)
  A kobold brigand (D:8)
  6 bullfrogs
  A necrophage (D:7)
  2 gnoll sergeants
  8 wights
  4 scorpions
  11 killer bees
  3 vampire bats (D:7)
  4 jellies
  8 orc priests
  4 hounds
  A gnoll bouda (D:6)
  Ijyb (D:4)
  An iguana (D:5)
  Natasha (twice) (D:4)
  7 orc wizards
  10 gnolls
  4 adders
  2 white imps
  An ufetubus (D:6)
  4 worms
  38 orcs
  4 bat skeletons (D:7)
  A bat zombie (D:7)
  6 endoplasms
  A giant cockroach (D:2)
  5 goblins
  A hobgoblin (D:3)
  3 jackals (D:3)
  2 quokkas
  8 ball pythons
  4 bats
  A frilled lizard (D:1)
  7 kobolds
  5 rats
261 creatures vanquished.

Vanquished Creatures (collateral kills)
  A golden dragon zombie (Abyss:3)
  2 centaurs (D:11)
  A howler monkey (D:11)
4 creatures vanquished.

Vanquished Creatures (others)
  A ball python (D:3)
  13 fungi (D:9)
  19 plants (D:9)
33 creatures vanquished.

Grand Total: 298 creatures vanquished

Notes
Turn   | Place    | Note
-------+----------+-------------------------------------------
     0 | D:1      | lucasj the Minotaur Berserker began the quest for the Orb.
     0 | D:1      | Reached XP level 1. HP: 19/19 MP: 0/0
   270 | D:1      | Reached XP level 2. HP: 20/27 MP: 1/1
   695 | D:1      | Found a faded altar of an unknown god.
   907 | D:2      | Reached skill level 4 in Axes
   990 | D:2      | Reached XP level 3. HP: 33/33 MP: 2/2
  1211 | D:3      | Reached ** piety under Trog
  1219 | D:3      | Reached XP level 4. HP: 19/41 MP: 3/3
  1727 | D:3      | Found an iron altar of Okawaru.
  1762 | D:3      | Reached XP level 5. HP: 47/47 MP: 4/4
  2064 | D:3      | Found Qyfos's Assorted Antiques.
  2240 | D:4      | Reached skill level 5 in Axes
  2297 | D:4      | Noticed Ijyb
  2307 | D:4      | Killed Ijyb
  2308 | D:4      | Reached skill level 5 in Fighting
  2446 | D:4      | Noticed Natasha
  2450 | D:4      | Killed Natasha
  2451 | D:4      | Reached XP level 6. HP: 56/56 MP: 5/5
  2702 | D:4      | Noticed Natasha
  2712 | D:4      | Killed Natasha
  2725 | D:4      | Found a staircase to the Ecumenical Temple.
  2916 | D:5      | Entered Level 5 of the Dungeon
  2958 | D:5      | Gained mutation: You are partially covered in iridescent
                  | scales. (AC +2) [potion of mutation]
  2958 | D:5      | Gained mutation: Your mind is acute. (Int +4, Str/Dex -1)
                  | [potion of mutation]
  3213 | D:5      | Identified the +4 ring mail of Cimaokhe {rN++ Str+2}
  3272 | D:5      | Reached skill level 5 in Armour
  3287 | D:5      | Reached XP level 7. HP: 40/61 MP: 6/6
  3673 | D:5      | Reached skill level 6 in Axes
  3761 | D:6      | Reached *** piety under Trog
  3768 | D:6      | Reached skill level 5 in Dodging
  3848 | D:6      | Noticed Pikel
  3858 | D:6      | Killed Pikel
  3859 | D:6      | Reached skill level 7 in Axes
  3859 | D:6      | Reached XP level 8. HP: 71/71 MP: 7/7
  4041 | D:6      | Found an ornate altar of the Wu Jian Council.
  4041 | D:6      | Found a sparkling altar of Nemelex Xobeh.
  4041 | D:6      | Found a shimmering altar of Xom.
  4044 | D:6      | Noticed a boulder beetle
  4046 | D:6      | Noticed a troll
  4052 | D:6      | Found a transporter.
  4067 | D:6      | Found a transporter.
  4630 | D:7      | Reached XP level 9. HP: 81/81 MP: 8/8
  4632 | D:7      | Reached skill level 8 in Axes
  5123 | D:7      | Found an ancient bone altar of Kikubaaqudgha.
  5488 | D:8      | Noticed a two-headed ogre
  5495 | D:8      | Killed a two-headed ogre
  5496 | D:8      | Reached skill level 9 in Axes
  5500 | D:8      | Reached **** piety under Trog
  5800 | D:8      | Found a blossoming altar of Fedhas.
  6154 | D:8      | Reached XP level 10. HP: 84/91 MP: 9/9
  6872 | D:9      | Found a staircase to the Lair.
  6873 | D:9      | Noticed a two-headed ogre
  6885 | D:9      | Killed a two-headed ogre
  6890 | D:9      | Reached skill level 10 in Axes
  6892 | D:9      | Reached skill level 10 in Fighting
  7145 | D:9      | Found Akhluitemn's Book Emporium.
  7396 | D:9      | Reached skill level 10 in Armour
  7679 | D:9      | Found a staircase to the Orcish Mines.
  7751 | D:9      | Found a white marble altar of Elyvilon.
  7903 | D:9      | Noticed Maurice
  8348 | D:9      | Killed Maurice
  8395 | D:10     | Entered Level 10 of the Dungeon
  8414 | D:10     | Reached XP level 11. HP: 92/101 MP: 10/10
  8427 | D:9      | Reached ***** piety under Trog
  8646 | D:10     | Reached skill level 11 in Axes
  8929 | D:10     | Noticed Harold
  8944 | D:10     | Killed Harold
  8945 | D:10     | Reached skill level 10 in Dodging
  8982 | D:10     | Noticed Psyche
  9072 | D:10     | Killed Psyche
 10525 | D:11     | Noticed a cyan ugly thing
 10531 | D:11     | Killed a cyan ugly thing
 10548 | D:11     | Reached skill level 12 in Axes
 11293 | D:12     | Noticed a cyan ugly thing
 11306 | D:12     | Killed a cyan ugly thing
 11421 | D:12     | Reached XP level 12. HP: 67/112 MP: 11/11
 12506 | Abyss:2  | Cast into level 2 of the Abyss (a wizard)
 12636 | Abyss:3  | Noticed a purple draconian shifter
 12637 | Abyss:3  | HP: 4/113 [purple draconian shifter/bolt of dispelling
                  | energy (37)]
 12642 | Abyss:3  | Reached skill level 13 in Axes
 12642 | Abyss:3  | Slain by a large abomination

Illustrated notes

Levels and vault maps discovered:
D:1:      enne_arrival_octagon_isle, layout_loops_ring,
          dilly_ecumenical_altar_fadedgnrine, serial_bayou_pond_e,
          minmay_pentomino_v2
D:2:      layout_rooms
D:3:      layout_rooms, okawaru_trees_2, serial_shops, shop, lemuel_old_faithful
D:4:      layout_basic, minmay_temple_entry_fiery, uniq_ijyb, uniq_natasha
D:5:      layout_basic
D:6:      layout_rooms, gammafunk_temple_overflow_arena, uniq_pikel
D:7:      layout_rooms, kennysheep_vampire_church
D:8:      layout_basic, mainiacjoe_overflow_paths
D:9:      layout_grid_maze, elyvilon_altar_3, due_lair_maze_entry_diamond,
          david_orc_4, serial_shops, nicolae_shop_statue_plus, uniq_maurice
D:10:     layout_loops_corners, minmay_misc_feat_iff, corexii_leaking_fountain,
          uniq_psyche, uniq_harold
D:11:     layout_cave_pods
D:12:     minmay_outward_triangles, layout_basic
Abyss:3:  base: D:12, evilmike_abyss_exit_16, eino_small_chamber_without_monster

Skill      XL: |  1  2  3  4  5  6  7  8  9 10 11 12 |
---------------+-------------------------------------+-----
Axes           | 4 5 7 9 10 12 13 | 13.0
Fighting       | 4 5 6 7 9 10 12 | 12.9
Armour         | 3 4 5 6 7 9 10 12 | 12.7
Dodging        | 3 4 5 6 8 9 11 | 11.7

Action                   |  1- 3 |  4- 6 |  7- 9 | 10-12 || total
-------------------------+-------+-------+-------+-------++-------
Melee: Hand axe          |    74 |     3 |       |       ||    77
       Headbutt          |     5 |    13 |    26 |    76 ||   120
       Punch             |     1 |       |       |     8 ||     9
       War axe           |       |    96 |   168 |   175 ||   439
       Unarmed           |       |       |       |     2 ||     2
       Battleaxe         |       |       |       |   208 ||   208
Throw: Dart              |       |       |       |     3 ||     3
Invok: Berserk           |       |     3 |     5 |    15 ||    23
       Brothers in Arms  |       |       |       |     2 ||     2
       Trog's Hand       |       |       |       |     2 ||     2
  Use: Potion            |       |     5 |     3 |     2 ||    10
Armor: Scale mail        |    34 |       |       |       ||    34
       Animal skin       |     3 |       |       |       ||     3
       Plate armour      |    11 |    56 |   142 |   320 ||   529
       Skin              |       |       |       |    21 ||    21
Dodge: Dodged            |    47 |    38 |    84 |   243 ||   412

Table legend: (Time is in decaauts)
 A = Elapsed time spent in this place.
 B = Non-inter-level travel time spent in this place.
 C = Inter-level travel time spent in this place.
 D = Time resting spent in this place.
 E = Time spent auto-exploring this place.
 F = Levels seen in this place.
 G = Mean time per level.
                   A        B        C        D        E       F      G
               +--------+--------+--------+--------+--------+-----+--------+
         Total |  12896 |  12503 |    393 |   2065 |   8368 |  14 |  921.1 |
       Dungeon |  12739 |  12346 |    393 |   2045 |   8346 |  12 | 1061.6 |
         Abyss |    156 |    156 |      0 |     20 |     22 |   2 |   78.0 |
               +--------+--------+--------+--------+--------+-----+--------+

Top non-repeatable levels by time:
     D:8: 1601 daAuts
     D:9: 1556 daAuts
    D:10: 1449 daAuts
    D:11: 1294 daAuts
    D:12: 1242 daAuts
     D:3: 1005 daAuts
     D:7: 893 daAuts
     D:6: 890 daAuts
     D:5: 843 daAuts
     D:4: 799 daAuts
     D:1: 749 daAuts
     D:2: 414 daAuts
 Abyss:3: 140 daAuts
 Abyss:2: 16 daAuts
